[Event "December 12 Late 2023"]
[Site "https://www.chess.com"]
[Date "2023.12.12"]
[Round "5"]
[White "Mazzilli, Piero"]
[Black "BestestBP"]
[Result "0-1"]
[Board "125"]
[TimeControl "180+1"]
[WhiteFideId "807087"]
[WhiteElo "2327"]
[BlackElo "2154"]
[WhiteTeam "ITA"]
[WhiteClock "0:00:00"]
[BlackClock "0:00:16"]

1. e4 e5 2. Nf3 Nc6 3. d4 exd4 4. Nxd4 Nf6 5. Nc3 Bb4 6. Nxc6 bxc6 7. Bd3 d5 8. exd5 cxd5 9. O-O O-O 10. Bg5 c6 11. Qf3 Rb8 12. h3 h6 13. Bxf6 Qxf6 14. Qxf6 gxf6 15. Ne2 Bd6 16. b3 Be5 17. Rad1 Re8 18. f4 Bd6 19. Nd4 Bc5 20. c3 Bd7 21. Rfe1 a5 22. Kf1 a4 23. bxa4 Ra8 24. Bc2 Bd6 25. Rxe8+ Rxe8 26. Ne2 Bc8 27. Kf2 Ba6 28. Re1 Rb8 29. Rb1 Re8 30. Nd4 Bxf4 31. g3 Be3+ 32. Kf3 c5 33. Nf5 Bd2 34. Kg2 Bxc3 0-1

[Event "December 12 Late 2023"]
[Site "https://www.chess.com"]
[Date "2023.12.12"]
[Round "5"]
[White "Demina, Marya"]
[Black "Ramadoss, Ashokkumar"]
[Result "0-1"]
[Board "126"]
[TimeControl "180+1"]
[WhiteFideId "4195671"]
[BlackFideId "5040990"]
[WhiteElo "2146"]
[BlackElo "2323"]
[WhiteTeam "RUS"]
[BlackTeam "IND"]
[WhiteClock "0:00:00"]
[BlackClock "0:00:18"]

1. d4 Nf6 2. Nf3 g6 3. c4 c5 4. Nc3 Bg7 5. e4 O-O 6. Be2 d6 7. O-O Nc6 8. d5 Nb8 9. Re1 b5 10. cxb5 a6 11. e5 Ne8 12. Bf4 Nd7 13. e6 fxe6 14. dxe6 Rxf4 15. exd7 Bxd7 16. Bc4+ e6 17. Bxe6+ Bxe6 18. Rxe6 Kh8 19. h4 axb5 20. Ng5 Bd4 21. Nce4 d5 22. g3 Rf5 23. g4 Rf8 24. Qe2 dxe4 25. Rxe4 Nf6 26. Re7 Bxf2+ 27. Kf1 Qd4 28. Rd1 Qf4 29. Qxf2 Qxf2+ 30. Kxf2 Ne4+ 31. Ke3 Nxg5 32. hxg5 Rae8 33. Rd7 Rxe7+ 34. Rxe7 Ra8 35. a3 b4 36. Rc7 bxa3 37. bxa3 Rxa3+ 38. Kf4 Ra4+ 39. Ke5 Rxg4 40. Ke6 Rf4 41. Rc8+ Kg7 42. Rc7+ Kg8 43. Rc8+ Rf8 44. Rxc5 Re8+ 45. Kf6 Rf8+ 46. Ke6 Rf7 47. Rc8+ Kg7 48. Rd8 Ra7 49. Rc8 Ra6+ 0-1

[Event "December 12 Late 2023"]
[Site "https://www.chess.com"]
[Date "2023.12.12"]
[Round "5"]
[White "Kappeler, Kaspar"]
[Black "Harrington, Steve"]
[Result "1-0"]
[Board "127"]
[TimeControl "180+1"]
[WhiteFideId "1309072"]
[BlackFideId "2038730"]
[WhiteElo "2312"]
[BlackElo "2135"]
[WhiteTeam "SUI"]
[BlackTeam "USA"]
[WhiteClock "0:00:07"]
[BlackClock "0:00:00"]

1. c4 e5 2. Nc3 Nf6 3. Nf3 Nc6 4. g3 Bb4 5. Bg2 O-O 6. O-O Re8 7. Nd5 Bf8 8. d3 h6 9. Rb1 a5 10. b3 d6 11. a3 Be6 12. Nd2 Qd7 13. b4 axb4 14. axb4 Nd8 15. Nxf6+ gxf6 16. b5 f5 17. f4 Bg7 18. Nf3 c6 19. bxc6 bxc6 20. c5 dxc5 21. Nxe5 Qd6 22. Kh1 Ra2 23. Rb2 Ra1 24. Qc2 f6 25. Nc4 Qe7 26. Ra2 Rxa2 27. Qxa2 Bd5 28. Be3 Kh7 29. Bf2 Qxe2 30. Qxe2 Rxe2 31. Nd6 Kg8 32. Nxf5 Ne6 33. Ne7+ Kf7 34. Nxd5 cxd5 35. Bxd5 Ke7 36. Bc4 Kd6 37. Kg2 f5 38. Kf3 Rb2 39. Bxe6 Kxe6 40. Bxc5 Kd5 41. Bf2 Bd4 42. Bxd4 Kxd4 43. Ra1 Rxh2 44. Ra5 1-0

[Event "December 12 Late 2023"]
[Site "https://www.chess.com"]
[Date "2023.12.12"]
[Round "5"]
[White "Hernandez Jimenez, Alexander Andres"]
[Black "Novikova, Margarita"]
[Result "0-1"]
[Board "128"]
[TimeControl "180+1"]
[WhiteFideId "3900452"]
[BlackFideId "14109689"]
[WhiteElo "2311"]
[BlackElo "2126"]
[WhiteTeam "VEN"]
[BlackTeam "GER"]
[WhiteClock "0:00:25"]
[BlackClock "0:01:41"]

1. e4 d5 2. exd5 Qxd5 3. Nc3 Qd6 4. d3 Nf6 5. g3 c6 6. Bg2 e5 7. Nf3 Qc7 8. O-O Bd6 9. Re1 O-O 10. a3 a5 11. Bg5 Nbd7 12. Ne4 Nxe4 13. dxe4 f6 14. Be3 Bc5 15. Nh4 g6 16. Bh3 Bxe3 17. Rxe3 Nc5 18. Bxc8 Raxc8 19. Qg4 Qd7 20. Qxd7 Nxd7 21. Rd1 Nc5 22. f3 Rfd8 23. Ree1 Na4 24. b3 Nc3 25. Rxd8+ Rxd8 26. Ng2 Rd2 27. Ne3 Ne2+ 28. Kf1 Nd4 29. Rd1 Rxh2 30. b4 axb4 31. axb4 Rh1+ 32. Kf2 Rxd1 33. Nxd1 Nxc2 0-1

[Event "December 12 Late 2023"]
[Site "https://www.chess.com"]
[Date "2023.12.12"]
[Round "5"]
[White "Silvestre, Christian"]
[Black "Oliveira, Tiago Batista"]
[Result "1-0"]
[Board "129"]
[TimeControl "180+1"]
[WhiteFideId "30956269"]
[BlackFideId "2108291"]
[WhiteElo "2310"]
[BlackElo "2091"]
[WhiteTeam "USA"]
[BlackTeam "BRA"]
[WhiteClock "0:01:05"]
[BlackClock "0:00:00"]

1. e4 e5 2. d4 exd4 3. Nf3 Nc6 4. Nxd4 Nf6 5. Bb5 Bc5 6. Nb3 Bb4+ 7. c3 Be7 8. O-O O-O 9. Re1 d6 10. Bf1 Bg4 11. f3 Bh5 12. Be3 Bg6 13. Nd4 Ne5 14. Nd2 Re8 15. Nc4 Bf8 16. Bf2 Qd7 17. Nb3 Rad8 18. Nxe5 dxe5 19. Qxd7 Rxd7 20. Rad1 Red8 21. Rxd7 Rxd7 22. Bb5 c6 23. Be2 b6 24. Rd1 h5 25. Rxd7 Nxd7 26. a4 f6 27. Bc4+ Bf7 28. Bxf7+ Kxf7 29. Kf1 Ke6 30. Ke2 g6 31. a5 Bh6 32. axb6 axb6 33. Nd2 Bxd2 34. Kxd2 c5 35. Kd3 Kd6 36. Kc4 Kc6 37. b3 b5+ 38. Kd3 Nf8 39. Be3 Ne6 40. g3 Kd6 41. f4 exf4 42. gxf4 g5 43. f5 Nc7 44. Bf2 Kc6 45. h4 Ne8 46. hxg5 fxg5 47. e5 Kd5 48. Bg3 h4 49. c4+ bxc4+ 50. bxc4+ Kc6 51. Bf2 Ng7 52. Ke4 h3 53. Bg3 Kd7 54. e6+ Ke7 55. Ke5 Nh5 56. Bf2 Nf6 57. Bxc5+ Ke8 58. Bg1 Ng4+ 59. Kd6 h2 60. Bxh2 Nxh2 61. c5 Ng4 62. c6 Nf6 63. c7 Ne4+ 64. Ke5 1-0

[Event "December 12 Late 2023"]
[Site "https://www.chess.com"]
[Date "2023.12.12"]
[Round "5"]
[White "De Souza, Arthur Olintho"]
[Black "Bazzano, Sebastian"]
[Result "0-1"]
[Board "130"]
[TimeControl "180+1"]
[WhiteFideId "2116200"]
[BlackFideId "104566"]
[WhiteElo "2054"]
[BlackElo "2308"]
[WhiteTeam "BRA"]
[BlackTeam "ARG"]
[WhiteClock "0:02:01"]
[BlackClock "0:01:53"]

1. e4 e6 2. Nf3 d5 3. Nc3 dxe4 4. Nxe4 Bd7 5. Ne5 Nc6 6. Nxd7 Qxd7 7. Bb5 a6 8. Ba4 Be7 9. O-O Nf6 10. d3 Rd8 11. Qf3 b5 12. Bb3 Nd4 13. Qg3 Ne2+ 0-1

[Event "December 12 Late 2023"]
[Site "https://www.chess.com"]
[Date "2023.12.12"]
[Round "5"]
[White "Gulamirian, Korun"]
[Black "Kornyukov, Alexey"]
[Result "0-1"]
[Board "131"]
[TimeControl "180+1"]
[WhiteFideId "4144899"]
[BlackFideId "4150457"]
[WhiteElo "2020"]
[BlackElo "2308"]
[WhiteTeam "RUS"]
[BlackTeam "RUS"]
[WhiteClock "0:00:54"]
[BlackClock "0:00:34"]

1. e4 c5 2. Nf3 Nc6 3. d4 cxd4 4. Nxd4 Nf6 5. Nc3 e5 6. Ndb5 d6 7. Bg5 a6 8. Na3 b5 9. Nd5 Be7 10. Bxf6 Bxf6 11. c4 bxc4 12. Nxc4 O-O 13. Be2 Nd4 14. O-O Be6 15. Ndb6 Rb8 16. Nd5 Bg5 17. b3 Bxd5 18. exd5 f5 19. g3 g6 20. h4 Bf6 21. h5 Kg7 22. g4 e4 23. Rc1 f4 24. g5 Be5 25. h6+ Kg8 26. Nxe5 dxe5 27. Bxa6 Qxg5+ 28. Kh1 Qxh6+ 29. Kg2 f3+ 30. Kg1 Qh3 31. Qe1 Qg2# 0-1

[Event "December 12 Late 2023"]
[Site "https://www.chess.com"]
[Date "2023.12.12"]
[Round "5"]
[White "Desideri, Ricardo Maruchi"]
[Black "Gonzalez Zharikov, Andrey"]
[Result "0-1"]
[Board "132"]
[TimeControl "180+1"]
[WhiteFideId "2110440"]
[BlackFideId "5145287"]
[WhiteElo "2018"]
[BlackElo "2291"]
[WhiteTeam "BRA"]
[BlackTeam "MEX"]
[WhiteClock "0:00:00"]
[BlackClock "0:00:40"]

1. e4 d6 2. d4 Nf6 3. Nc3 g6 4. Be2 Bg7 5. g4 h5 6. g5 Nfd7 7. f4 c5 8. Nf3 Nc6 9. Be3 cxd4 10. Nxd4 Nxd4 11. Bxd4 e5 12. Be3 exf4 13. Bxf4 O-O 14. Qxd6 Qa5 15. e5 Nxe5 16. O-O-O Be6 17. Qe7 Rfe8 18. Qxb7 Rab8 19. Qa6 Qb4 20. Qa3 Qxf4+ 0-1

[Event "December 12 Late 2023"]
[Site "https://www.chess.com"]
[Date "2023.12.12"]
[Round "5"]
[White "Reinecke, Katharina"]
[Black "Biliy, Vadim"]
[Result "1-0"]
[Board "133"]
[TimeControl "180+1"]
[WhiteFideId "12929727"]
[BlackFideId "14114127"]
[WhiteElo "2008"]
[BlackElo "2291"]
[WhiteTeam "GER"]
[BlackTeam "UKR"]
[WhiteClock "0:00:11"]
[BlackClock "0:00:00"]

1. d4 c5 2. Nf3 cxd4 3. Nxd4 Nc6 4. g3 g6 5. Bg2 Bg7 6. e3 Nxd4 7. exd4 d5 8. O-O Nf6 9. c3 h5 10. Nd2 h4 11. Nf3 hxg3 12. fxg3 Bf5 13. Bf4 Be4 14. Be5 Qd7 15. Qe2 O-O 16. Ng5 Bxg2 17. Qxg2 Qg4 18. Nf3 b5 19. Rae1 a5 20. h3 Qd7 21. Bxf6 exf6 22. Re2 b4 23. cxb4 axb4 24. b3 Ra7 25. Rfe1 Rfa8 26. Kh2 Bf8 27. Kh1 Ra5 28. Nh2 Qa7 29. Qf2 f5 30. Nf3 Rxa2 31. Ne5 Rxe2 32. Rxe2 Bg7 33. Nc6 Qa1+ 34. Kg2 Qc3 35. Ne7+ Kf8 36. Nxf5 gxf5 37. Qxf5 Qxd4 38. Qd7 Bf6 39. Qd6+ Kg7 40. Rf2 1-0

[Event "December 12 Late 2023"]
[Site "https://www.chess.com"]
[Date "2023.12.12"]
[Round "5"]
[White "Nilsson, Joakim"]
[Black "Dubreuil, Julien"]
[Result "1-0"]
[Board "134"]
[TimeControl "180+1"]
[WhiteFideId "1723383"]
[BlackFideId "621285"]
[WhiteElo "2426"]
[BlackElo "2309"]
[WhiteTeam "SWE"]
[BlackTeam "FRA"]
[WhiteClock "0:00:54"]
[BlackClock "0:00:04"]

1. d4 Nf6 2. Nf3 e6 3. Bg5 c5 4. e3 Qb6 5. Nbd2 d5 6. dxc5 Bxc5 7. Bd3 Nbd7 8. O-O Qxb2 9. e4 dxe4 10. Nxe4 Nxe4 11. Bxe4 Nf6 12. Rb1 Qxa2 13. Bxb7 Bxb7 14. Rxb7 Rd8 15. Qe2 Qd5 16. Qb5+ Kf8 17. c4 Qd6 18. Bf4 Qxf4 19. Qxc5+ Qd6 20. Qxd6+ Rxd6 21. Ne5 h5 22. Nxf7 Rc6 23. Nxh8 1-0

[Event "December 12 Late 2023"]
[Site "https://www.chess.com"]
[Date "2023.12.12"]
[Round "5"]
[White "Floresvillar Gonzalez, Luis Migu"]
[Black "Zampronha, Wladimir Camilo"]
[Result "0-1"]
[Board "135"]
[TimeControl "180+1"]
[WhiteFideId "5100542"]
[BlackFideId "2103087"]
[WhiteElo "2207"]
[BlackElo "2349"]
[WhiteTeam "MEX"]
[BlackTeam "BRA"]
[WhiteClock "0:00:00"]
[BlackClock "0:00:59"]

1. d4 Nf6 2. c3 b6 3. Bg5 Ne4 4. h4 Bb7 5. Nd2 Nxd2 6. Qxd2 h6 7. Bf4 c5 8. e3 d6 9. Nf3 Nd7 10. a4 Qc7 11. dxc5 Nxc5 12. Bb5+ Bc6 13. O-O Nb3 14. Qd5 Na5 15. Nd4 Rc8 16. Nxc6 Nxc6 17. a5 e6 18. Qxc6+ Qxc6 19. Bxc6+ Rxc6 20. axb6 axb6 21. Ra8+ Kd7 22. Rfa1 e5 23. R1a7+ Rc7 24. Rxc7+ Kxc7 25. Bg3 Kd7 26. f4 exf4 27. Bxf4 g6 28. Rb8 Kc7 29. Re8 Kd7 30. Rb8 Kc7 31. Re8 Kd7 32. Ra8 Bg7 33. Ra7+ Ke6 34. Rb7 Be5 35. Rxb6 Bxf4 36. exf4 Ra8 37. Kf2 Ra1 38. g3 Rd1 39. c4 Kf5 40. Rb7 f6 41. Kf3 Rd3+ 42. Kf2 Kg4 43. Rg7 Kf5 44. b4 Rc3 45. c5 dxc5 46. bxc5 Rc2+ 47. Kf3 Rc3+ 48. Kg2 Rxc5 49. Kh3 h5 50. Rb7 Ra5 51. Rb6 Rc5 52. Ra6 Rd5 53. Rb6 Ra5 54. Rc6 Rb5 55. Ra6 Rb1 56. Ra5+ Ke6 57. Ra6+ Kf7 58. Ra7+ Kg8 59. Kh2 Rd1 60. Kh3 Rd5 61. Kg2 Rd8 62. Kh3 Rd1 63. Kg2 Rd2+ 64. Kh3 Rc2 65. Rb7 Re2 66. Ra7 Re6 67. Rb7 Kf8 68. Ra7 Re7 69. Rxe7 Kxe7 70. g4 Ke6 0-1

[Event "December 12 Late 2023"]
[Site "https://www.chess.com"]
[Date "2023.12.12"]
[Round "5"]
[White "Yang, Kevin"]
[Black "Bonin, Jay"]
[Result "1-0"]
[Board "136"]
[TimeControl "180+1"]
[WhiteFideId "30908485"]
[BlackFideId "2000644"]
[WhiteElo "2560"]
[BlackElo "2313"]
[WhiteTeam "USA"]
[BlackTeam "USA"]
[WhiteClock "0:01:23"]
[BlackClock "0:01:21"]

1. d4 Nf6 2. c4 e6 3. Nc3 Bb4 4. Qc2 c5 5. dxc5 Bxc5 6. Nf3 Nc6 7. a3 O-O 8. Bg5 Nd4 9. Nxd4 Bxd4 10. e3 Qa5 11. exd4 Qxg5 12. h4 Qh6 13. Be2 d5 14. g4 Qf4 15. g5 Ne4 16. Nxe4 dxe4 17. Qd2 Qf5 18. Qe3 Rd8 19. Rg1 b6 20. b4 Bb7 21. Bg4 Qg6 22. h5 1-0

[Event "December 12 Late 2023"]
[Site "https://www.chess.com"]
[Date "2023.12.12"]
[Round "5"]
[White "ogpin"]
[Black "Omariev, Maksim"]
[Result "0-1"]
[Board "137"]
[TimeControl "180+1"]
[BlackFideId "4193423"]
[WhiteElo "2131"]
[BlackElo "2473"]
[BlackTeam "RUS"]
[WhiteClock "0:00:00"]
[BlackClock "0:00:21"]

1. e4 c5 2. d4 cxd4 3. c3 dxc3 4. Nxc3 e6 5. Nf3 a6 6. Bc4 Nc6 7. O-O Nge7 8. Bg5 f6 9. Be3 Ng6 10. Qe2 b5 11. Bb3 Bb7 12. Nd4 Bd6 13. Rad1 Qe7 14. Rfe1 Nxd4 15. Bxd4 O-O 16. g3 Kh8 17. Qh5 Rac8 18. Bc2 e5 19. Be3 b4 20. Nd5 Bxd5 21. Rxd5 Rxc2 22. Red1 Rc6 23. Qf5 Rfc8 24. h4 Nf8 25. h5 Bc5 26. Bxc5 Rxc5 27. Rxd7 Nxd7 28. Rxd7 Qf8 29. h6 g6 30. Qe6 R5c7 31. Rd6 Re8 32. Qd5 Qxh6 33. Kg2 Rc1 34. Kf3 Qh5+ 35. Ke3 Qg5+ 36. Kf3 Qh5+ 37. Ke3 Re1+ 38. Kd2 Rd1+ 39. Kc2 Rxd5 40. Rxd5 Rc8+ 41. Kb3 Qf3+ 42. Kxb4 Qxe4+ 43. Ka5 Qxd5+ 0-1

[Event "December 12 Late 2023"]
[Site "https://www.chess.com"]
[Date "2023.12.12"]
[Round "5"]
[White "Szczepanek, Radoslaw"]
[Black "Curtis, John"]
[Result "0-1"]
[Board "139"]
[TimeControl "180+1"]
[WhiteFideId "1120395"]
[BlackFideId "3200256"]
[WhiteElo "2425"]
[BlackElo "2191"]
[WhiteTeam "POL"]
[BlackTeam "AUS"]
[WhiteClock "0:00:00"]
[BlackClock "0:00:12"]

1. f4 d5 2. Nf3 Nc6 3. e3 a6 4. Be2 g6 5. O-O Bg7 6. d3 e5 7. d4 e4 8. Ne1 Nce7 9. c4 c6 10. Nc3 b5 11. cxd5 cxd5 12. Bd2 h5 13. Rc1 Nh6 14. Qb3 O-O 15. Nc2 Bg4 16. Nb4 Be6 17. Nd1 Qd7 18. Nf2 Rfc8 19. Rxc8+ Nxc8 20. Rc1 Nb6 21. Nxa6 Nc4 22. Bxc4 dxc4 23. Qa3 Qc8 24. Nxe4 Qxa6 25. Qxa6 Rxa6 26. a3 Nf5 27. Nc5 Rc6 28. Nxe6 fxe6 29. Kf2 Nxd4 30. exd4 Bxd4+ 31. Kf3 Bxb2 32. Rb1 c3 33. Bc1 Bxc1 34. Rxc1 c2 35. Ke4 Kf7 36. Kd3 Kf6 37. Rxc2 Ra6 38. Rc3 Kf5 39. Ke3 Ra4 40. Rc5+ Kf6 41. Rc3 Kf5 42. Kf3 Rxf4+ 43. Kg3 Rg4+ 44. Kf3 Rf4+ 45. Ke3 Ra4 46. Kf3 g5 47. Rc5+ e5 48. Rxb5 Rxa3+ 49. Kf2 h4 50. Rb2 g4 51. Rc2 Kf4 52. Rb2 e4 53. Ke2 g3 54. hxg3+ Kxg3 55. Rb4 Kxg2 56. Rxe4 h3 57. Rh4 h2 58. Rg4+ Rg3 59. Rh4 h1=Q 60. Rxh1 Kxh1 61. Kf2 Kh2 0-1

[Event "December 12 Late 2023"]
[Site "https://www.chess.com"]
[Date "2023.12.12"]
[Round "5"]
[White "Dilmukhametov, Artur"]
[Black "Powell, Paul"]
[Result "0-1"]
[Board "140"]
[TimeControl "180+1"]
[WhiteFideId "24179922"]
[BlackFideId "2005840"]
[WhiteElo "2390"]
[BlackElo "2119"]
[WhiteTeam "RUS"]
[BlackTeam "USA"]
[WhiteClock "0:00:00"]
[BlackClock "0:00:18"]

1. e4 c5 2. d4 cxd4 3. c3 dxc3 4. Nxc3 d6 5. Nf3 e6 6. Bc4 a6 7. O-O b5 8. Bb3 Ra7 9. Be3 Rd7 10. Rc1 Bb7 11. Qe2 Nc6 12. Rfd1 Nf6 13. Bg5 Be7 14. h4 O-O 15. Bc2 h6 16. Bxf6 Bxf6 17. h5 Qe7 18. Bb1 Ne5 19. a3 Rc7 20. Nh2 Bg5 21. Rc2 f5 22. g3 f4 23. Nf3 fxg3 24. Nxg5 Rxf2 0-1

[Event "December 12 Late 2023"]
[Site "https://www.chess.com"]
[Date "2023.12.12"]
[Round "5"]
[White "Kostiukov, Alexandr"]
[Black "Travadon, Loic"]
[Result "0-1"]
[Board "141"]
[TimeControl "180+1"]
[WhiteFideId "14108100"]
[BlackFideId "26092131"]
[WhiteElo "2364"]
[BlackElo "2118"]
[WhiteTeam "UKR"]
[BlackTeam "FRA"]
[WhiteClock "0:00:36"]
[BlackClock "0:01:17"]

1. g3 e5 2. Bg2 Nc6 3. c4 Bc5 4. Nc3 d6 5. e3 a6 6. Nge2 Ba7 7. O-O h5 8. h3 h4 9. g4 f5 10. f3 Nf6 11. d4 Qe7 12. d5 Nd8 13. Kh1 Nf7 14. e4 f4 15. Bd2 Ng5 16. Be1 Bd7 17. Bf2 Bxf2 18. Rxf2 b5 19. cxb5 axb5 20. Qb3 Kf7 21. Nxb5 Rhb8 22. Nec3 Ra5 23. Qb4 Raxb5 24. Nxb5 Rxb5 25. Qc3 Qd8 26. Rc2 Rc5 27. Qd2 Rxc2 28. Qxc2 Bb5 29. a4 Ba6 30. b4 Qb8 31. b5 Bc8 32. Qc4 Bd7 33. Ra3 Qb6 34. Qc2 Ne8 35. Bf1 Nxf3 36. Rxf3 g5 37. Qf2 Qa5 38. Qc2 Ke7 39. Ra3 Kd8 40. Kg2 Nf6 41. Qf2 Be8 42. Bd3 Nd7 43. Qb2 Nc5 44. Bb1 Bd7 45. Rc3 Nxa4 46. Ra3 Bxb5 47. Bc2 Qd2+ 48. Kg1 Nxb2 0-1

[Event "December 12 Late 2023"]
[Site "https://www.chess.com"]
[Date "2023.12.12"]
[Round "5"]
[White "Kniazev, Igor"]
[Black "Minina, Veronika"]
[Result "0-1"]
[Board "142"]
[TimeControl "180+1"]
[WhiteFideId "4136349"]
[BlackFideId "4174780"]
[WhiteElo "2086"]
[BlackElo "2247"]
[WhiteTeam "RUS"]
[BlackTeam "RUS"]
[WhiteClock "0:00:47"]
[BlackClock "0:01:04"]

1. e4 c5 2. c3 d5 3. exd5 Qxd5 4. Nf3 Nc6 5. d4 Bg4 6. Be2 e6 7. O-O Nf6 8. Be3 cxd4 9. Nxd4 Bxe2 10. Nxe2 Be7 11. Nf4 Qb5 12. Na3 Qxb2 13. Nc4 Qxc3 14. Rc1 Qb4 15. Rb1 Qxc4 16. Rxb7 O-O 17. Qf3 Ne5 18. Qg3 Ne4 19. Qh3 Bf6 20. Rc1 Qxa2 21. Nh5 Rab8 22. Rxb8 Rxb8 23. Qf3 Nxf3+ 0-1

[Event "December 12 Late 2023"]
[Site "https://www.chess.com"]
[Date "2023.12.12"]
[Round "6"]
[White "Bluebaum, Matthias"]
[Black "Nihal Sarin"]
[Result "1-0"]
[Board "1"]
[TimeControl "180+1"]
[WhiteFideId "24651516"]
[BlackFideId "25092340"]
[WhiteElo "3045"]
[BlackElo "3154"]
[WhiteTeam "GER"]
[BlackTeam "IND"]
[WhiteClock "0:00:51"]
[BlackClock "0:00:29"]

1. d4 d5 2. c4 c6 3. Nf3 Nf6 4. Nc3 a6 5. Qc2 b5 6. e4 bxc4 7. e5 Nfd7 8. e6 fxe6 9. b3 cxb3 10. axb3 c5 11. Bd3 Qc7 12. Bxh7 cxd4 13. Bg6+ Kd8 14. Nxd4 Nf6 15. Bd2 e5 16. Nxd5 Qxc2 17. Ba5+ Kd7 18. Nb6+ Kd6 19. Nxc2 Bb7 20. O-O-O+ Ke6 21. Nd4+ exd4 22. Rhe1+ Kd6 23. Rxd4+ Kc5 24. Rc4+ Kb5 25. Re5+ Nd5 26. Nxd5 Kxa5 27. Rc5# 1-0

[Event "December 12 Late 2023"]
[Site "https://www.chess.com"]
[Date "2023.12.12"]
[Round "6"]
[White "Martinez Alcantara, Jose Eduardo"]
[Black "Hakobyan, Aram"]
[Result "0-1"]
[Board "2"]
[TimeControl "180+1"]
[WhiteFideId "3805662"]
[BlackFideId "13306677"]
[WhiteElo "3071"]
[BlackElo "3016"]
[WhiteTeam "PER"]
[BlackTeam "ARM"]
[WhiteClock "0:00:00"]
[BlackClock "0:00:07"]

1. e4 e5 2. Nf3 Nc6 3. Nc3 Nf6 4. h3 Bb4 5. a3 Bxc3 6. dxc3 Nxe4 7. Nxe5 Nxe5 8. Qd4 O-O 9. Qxe4 d5 10. Qd4 Re8 11. Be3 Nc4 12. Bxc4 dxc4 13. Qxc4 Be6 14. Qd4 Qxd4 15. cxd4 Bd5 16. O-O Re6 17. Rfe1 Rae8 18. b3 Rg6 19. g3 Rge6 20. c4 Bf3 21. g4 h5 22. gxh5 Bxh5 23. Kh2 Re4 24. d5 f5 25. Bd2 Rxe1 26. Bxe1 f4 27. Bc3 Re2 28. Bd4 b6 29. Rg1 g6 30. Kg2 Kf7 31. a4 a5 32. c5 bxc5 33. Bxc5 Re5 34. b4 Rxd5 35. Rc1 axb4 36. Bxb4 Rd3 37. Rxc7+ Ke6 38. Rc6+ Kf5 39. Rc5+ Ke6 40. Rb5 Bf3+ 41. Kh2 Rd1 42. Rb6+ Kf5 43. Rb5+ Ke6 44. Rb6+ Kf7 0-1

[Event "December 12 Late 2023"]
[Site "https://www.chess.com"]
[Date "2023.12.12"]
[Round "6"]
[White "Drygalov, Sergey"]
[Black "Lazavik, Denis"]
[Result "0-1"]
[Board "3"]
[TimeControl "180+1"]
[WhiteFideId "24171743"]
[BlackFideId "13515110"]
[WhiteElo "3012"]
[BlackElo "3066"]
[WhiteTeam "RUS"]
[BlackTeam "BLR"]
[WhiteClock "0:00:00"]
[BlackClock "0:00:25"]

1. d4 f5 2. Nf3 Nf6 3. g3 g6 4. c4 Bg7 5. Bg2 O-O 6. O-O d6 7. Nc3 c6 8. Re1 Na6 9. e4 fxe4 10. Nxe4 Nxe4 11. Rxe4 Bf5 12. Re1 e5 13. dxe5 dxe5 14. Qxd8 Raxd8 15. Bg5 Rde8 16. Be3 e4 17. Nd4 Bc8 18. a3 Nc5 19. Nxc6 Nd3 20. Nxa7 Nxe1 21. Rxe1 Bf5 22. b4 Bc3 23. Rc1 Bb2 24. Rb1 Be5 25. h3 h5 26. Nb5 Rd8 27. Re1 Rd7 28. Bc5 Rfd8 29. Re3 Rd1+ 30. Kh2 R8d3 31. h4 g5 32. hxg5 h4 33. a4 hxg3+ 34. fxg3 R3d2 35. a5 Bg4 36. Nd4 Bxd4 37. Bxd4 Bf3 38. Kh3 Rxg2 39. Rxf3 exf3 40. Be5 f2 41. Kxg2 f1=Q+ 0-1

[Event "December 12 Late 2023"]
[Site "https://www.chess.com"]
[Date "2023.12.12"]
[Round "6"]
[White "Sarana, Alexey"]
[Black "Dubov, Daniil"]
[Result "1/2-1/2"]
[Board "4"]
[TimeControl "180+1"]
[WhiteFideId "24133795"]
[BlackFideId "24126055"]
[WhiteElo "3044"]
[BlackElo "3124"]
[WhiteTeam "SRB"]
[BlackTeam "RUS"]
[WhiteClock "0:00:07"]
[BlackClock "0:00:05"]

1. d4 Nf6 2. c4 g6 3. Nc3 Bg7 4. e4 d6 5. Bd3 Nc6 6. Nge2 Nd7 7. Bc2 e5 8. d5 Nd4 9. Nxd4 exd4 10. Ne2 O-O 11. O-O Ne5 12. Nxd4 Nxc4 13. Rb1 Qf6 14. Nb5 Bd7 15. Nc3 Rfe8 16. Ne2 c5 17. b3 Ne5 18. Bb2 Qh4 19. f3 Bb5 20. Qd2 f5 21. h3 Bh6 22. Qd1 Be3+ 23. Kh1 f4 24. Qe1 Qh5 25. Rd1 g5 26. Ng3 fxg3 27. Qxe3 Bxf1 28. Rxf1 Ng6 29. b4 Nf4 30. Kg1 b6 31. Qe1 Qh4 32. bxc5 bxc5 33. Ba4 Rab8 34. Bf6 Rf8 35. Bc3 Rf7 36. e5 Nxd5 37. e6 Re7 38. Bb3 c4 39. Bc2 Nxc3 40. Qxc3 Rxe6 41. Be4 Rxe4 42. fxe4 Qxe4 43. Qxg3 Qe5 44. Qf3 Qe6 45. Qg3 h6 46. Re1 Qf6 47. Rf1 Qd4+ 48. Kh1 Rf8 49. Re1 d5 50. Qd6 Qf6 51. Qxd5+ Qf7 52. Qd4 c3 53. Qxc3 Re8 54. Ra1 Re7 55. a4 Qe8 56. Qc4+ Qf7 57. Qd4 Qg7 58. Qd5+ Kh7 59. Qd3+ Qg6 60. Qa3 Qf6 61. Rd1 h5 62. Qd3+ Kg7 63. Qd2 g4 64. Qd3 Qf4 65. Rf1 Qe5 66. Rf5 Qe1+ 67. Rf1 Qe5 68. Qa3 gxh3 69. Qxh3 Re6 70. Qf3 Rf6 71. Qb7+ Kg6 72. Rxf6+ Qxf6 73. Qxa7 Qh4+ 74. Kg1 Qe1+ 75. Kh2 Qh4+ 76. Kg1 Qe1+ 77. Kh2 Qh4+ 78. Kg1 1/2-1/2

[Event "December 12 Late 2023"]
[Site "https://www.chess.com"]
[Date "2023.12.12"]
[Round "6"]
[White "Erigaisi Arjun"]
[Black "Paravyan, David"]
[Result "1/2-1/2"]
[Board "5"]
[TimeControl "180+1"]
[WhiteFideId "35009192"]
[BlackFideId "4194985"]
[WhiteElo "3099"]
[BlackElo "3032"]
[WhiteTeam "IND"]
[BlackTeam "FID"]
[WhiteClock "0:01:00"]
[BlackClock "0:00:06"]

1. b3 e5 2. e3 d5 3. Bb2 Bd6 4. f4 exf4 5. exf4 Nf6 6. Qe2+ Qe7 7. Bxf6 gxf6 8. Qxe7+ Kxe7 9. g3 h5 10. Bh3 Be6 11. Nc3 c6 12. Kf2 h4 13. Re1 Bc5+ 14. Kg2 Kd6 15. Na4 Bxg1 16. Rexg1 Bxh3+ 17. Kxh3 hxg3+ 18. Kxg3 Nd7 19. Nc3 Nc5 20. h4 Rh5 21. Kf3 Rah8 22. Rg7 Ke7 23. Rg4 Ne6 24. Ne2 f5 25. Rgg1 Rxh4 26. Rxh4 Rxh4 27. c3 Kf8 28. b4 b6 29. a4 Rh8 30. Ng3 Rh4 31. Ne2 c5 32. bxc5 bxc5 33. Rb1 d4 34. cxd4 cxd4 35. d3 Rh3+ 36. Ng3 Kg7 37. Rb7 Kg6 38. Rxa7 Rh4 39. Ne2 Rh3+ 40. Ng3 Rh4 41. Ne2 Rh3+ 42. Ng3 1/2-1/2

[Event "December 12 Late 2023"]
[Site "https://www.chess.com"]
[Date "2023.12.12"]
[Round "6"]
[White "Smirnov, Anton"]
[Black "Pranav, V"]
[Result "1-0"]
[Board "6"]
[TimeControl "180+1"]
[WhiteFideId "3208923"]
[BlackFideId "25060783"]
[WhiteElo "2975"]
[BlackElo "3056"]
[WhiteTeam "AUS"]
[BlackTeam "IND"]
[WhiteClock "0:00:13"]
[BlackClock "0:00:00"]

1. e4 e5 2. Nf3 Nc6 3. Bb5 a6 4. Bxc6 dxc6 5. O-O Qf6 6. d4 exd4 7. Bg5 Qg6 8. Qxd4 Be6 9. Bf4 Nf6 10. Nc3 Rc8 11. Rad1 Be7 12. Qa7 O-O 13. Qxb7 Nxe4 14. Qxc6 Nxc3 15. Qxc3 h6 16. b3 c5 17. Bd6 Bf6 18. Be5 Be7 19. Rfe1 Rfd8 20. Bg3 Rxd1 21. Rxd1 c4 22. b4 Qh5 23. a3 Bf6 24. Be5 Bxe5 25. Qxe5 Qg6 26. Nd4 Rd8 27. c3 Bg4 28. Re1 Qd3 29. Qg3 Bh5 30. Qh4 Rd5 31. Re8+ Kh7 32. Qe4+ Bg6 33. Qe1 Rxd4 34. cxd4 c3 35. Qc1 c2 36. Re1 Qxd4 37. Qe3 Qc4 38. h3 h5 39. Kh2 Qc7+ 40. Kg1 Qc4 41. Rc1 Qc6 42. f3 Qc4 43. Kf2 Qh4+ 44. Ke2 Qg3 45. Kf1 Qc7 46. Qd4 Qg3 47. Qc4 Qh2 48. Rxc2 Qh1+ 49. Kf2 Bxc2 50. Qxc2+ g6 51. Qc4 Kg8 52. Qxa6 Qc1 53. Qd3 Qb2+ 54. Kg1 Qc1+ 55. Kh2 Qf4+ 56. g3 Qc1 57. f4 Qb2+ 58. Kg1 Kg7 59. h4 f6 60. Kf1 g5 61. fxg5 fxg5 62. hxg5 Qh2 63. Qf3 Qh3+ 64. Ke2 Qh2+ 65. Kd3 Qa2 66. Kd4 Qd2+ 67. Kc5 Qxg5+ 68. Kb6 Qd8+ 69. Ka6 Qd6+ 70. Ka5 Qd8+ 71. Ka4 Qd7+ 72. b5 Qd4+ 73. Kb3 Kg6 74. a4 1-0